 Dungeon Crawl Stone Soup version 0.23-a0-404-g0063841 (webtiles) character file.

6099 galech the Cleaver (level 10, -6/77 HPs)
             Began as a Demonspawn Fighter on Nov 5, 2018.
             Was an Elder of Okawaru.
             Splashed by a big kobold's acid (12 damage)
             ... on level 10 of the Dungeon.
             The game lasted 00:11:45 (10257 turns).

galech the Cleaver (Demonspawn Fighter)            Turns: 10257, Time: 00:11:45

Health: -6/77      AC: 10    Str: 18    XL:     10   Next: 58%
Magic:  10/10      EV: 14    Int:  9    God:    Okawaru [****..]
Gold:   512        SH: 10    Dex: 15    Spells: 9/9 levels left

rFire    + + .     SeeInvis .   a - +0 war axe
rCold    x . .     Gourm    .   c - +0 shield
rNeg     . . .     Faith    .   w - +2 ring mail {rF+}
rPois    .         Spirit   .   o - +0 helmet
rElec    .         Reflect  .   (no cloak)
rCorr    .         Harm     .   (no gloves)
MR       .....                  (no boots)
Stlth    +.........             (no amulet)
HPRegen  0.22/turn              k - ring of fire
MPRegen  0.12/turn              E - +3 ring of evasion

@: corroded, sanguine armour
A: hooves 2, demonic guardian 1, sanguine armour 2
a: Heroism, Renounce Religion


You were on level 10 of the Dungeon.
You worshipped Okawaru.
Okawaru was greatly pleased with you.
You were not hungry.

You visited 2 branches of the dungeon, and saw 11 of its levels.

You collected 512 gold pieces.

Inventory:

Hand Weapons
 a - a +0 war axe (weapon)
Armour
 c - a +0 shield (worn)
 o - a +0 helmet (worn)
 w - a +2 ring mail of fire resistance (worn)
 z - a +0 plate armour
Jewellery
 k - a ring of fire (left hand)
 y - a +6 ring of intelligence
 E - a +3 ring of evasion (right hand)
Wands
 m - a wand of enslavement (8)
 s - a wand of paralysis (4)
 D - a wand of flame (8)
 G - a wand of acid (7)
Scrolls
 g - 4 scrolls of enchant weapon
 i - 8 scrolls of remove curse
 n - 2 scrolls of enchant armour
 p - a scroll of random uselessness
 q - 2 scrolls of fog
 r - 2 scrolls of noise
 u - a scroll of immolation {unknown}
 v - 3 scrolls of teleportation {unknown}
 C - a scroll of amnesia {unknown}
 F - a scroll of blinking {unknown}
 I - a scroll of identify
Potions
 b - a potion of agility {unknown}
 d - 2 potions of lignification {unknown}
 e - a potion of magic {unknown}
 h - a potion of invisibility
 j - a potion of heal wounds
 l - 3 potions of degeneration
 t - a potion of might
 x - 3 potions of haste {unknown}
 A - 4 potions of brilliance {unknown}
 B - a potion of flight {unknown}
Comestibles
 f - 12 rations
 H - 4 chunks of flesh


   Skills:
 + Level 6.7 Fighting
 + Level 10.1 Axes
 + Level 5.7 Armour
 + Level 4.4 Dodging
 + Level 2.0 Stealth
 + Level 6.5 Shields
 + Level 1.1 Invocations


You had 9 spell levels left.
You didn't know any spells.
Your spell library contained the following spells:

 Spells                   Type           Power        Failure   Level  Hunger
 Apportation              Tloc           #.....       90%         1    ##.....
 Confusing Touch          Hex            #.....       90%         1    ##.....
 Summon Butterflies       Summ           #.......     90%         1    ##.....
 Confuse                  Hex            #.......     99%         3    ####...
 Gell's Gravitas          Tloc           #.........   99%         3    ####...
 Lesser Beckoning         Tloc           #.........   99%         3    ####...
 Tukima's Dance           Hex            #.......     99%         3    ####...
 Petrify                  Tmut/Erth      #.......     100%        4    #####..
 Alistair's Intoxication  Tmut/Pois      #.......     100%        5    ######.
 Metabolic Englaciation   Hex/Ice        #.........   100%        5    ######.
 Yara's Violent Unravell  Hex/Tmut       #.........   100%        5    ######.
 Invisibility             Hex            #.......     100%        6    #######


Dungeon Overview and Level Annotations

Branches:
Dungeon (10/15)            Temple (1/1) D:4            Lair (0/6) D:10
    Orc: D:9-12

Altars:
Ashenzari
Cheibriados
Elyvilon
Fedhas
Gozag
Hepliaklqana
Makhleb
Nemelex Xobeh
Okawaru
Qazlal
Ru
Sif Muna
Trog
Uskayaw
Vehumet
Xom
Zin

Shops:
D:6 %   D:10 *


Innate Abilities, Weirdness & Mutations

You have hoof-like feet.
A weak demonic guardian rushes to your aid.
When seriously injured, your bleeding wounds create thick armour. (AC +9)


Message History

You hit the centaur zombie. You slash the orc wizard!
You kill the orc wizard!
Okawaru accepts your kill. The centaur zombie hits you.
Your blood congeals into armour.
The big kobold zaps a wand.
The bolt of acid hits you! The acid corrodes you!
You are splashed with acid!
The acid burns!
* * * LOW HITPOINT WARNING * * *
You block the centaur zombie's attack.
You hit the centaur zombie.
You destroy the centaur zombie!
Okawaru accepts your kill.
You slash the worker ant!
The worker ant bites you but does no damage.
The big kobold throws a stone.
You block the stone.
Your ufetubus hits the big kobold. Your ufetubus misses the big kobold.
The worker ant misses you.
The big kobold zaps a wand.
The bolt of acid hits you!
* * * LOW HITPOINT WARNING * * *
The acid corrodes you!
You are splashed with acid!
The acid burns!
You die...

..... #.(...#....###....)..)<#
.............................#
.> .........................#
..........................#
.......................#..#
........?...........#.#.##
∩.................[.####
.!......5).......#..#
.......)K@(...###.#.#
..#...(...a.....#..##
##.........#######
#....###....# ......###....#
.......###..### .............
..........#### .....#...#


You could see a big kobold, a worker ant and a friendly ufetubus.

Vanquished Creatures
  A two-headed ogre (D:9)
  3 hippogriffs
  3 yaks (D:9)
  A hungry ghost (D:7)
  A warg (D:9)
  A water moccasin (D:6)
  6 ice beasts (D:9)
  2 orc warriors
  2 sky beasts
  A black bear (D:6)
  3 centaurs
  3 ogres
  4 phantoms
  4 bullfrogs
  3 scorpions
  8 wights
  3 electric eels (D:9)
  4 crimson imps
  A bullfrog zombie (D:9)
  A centaur zombie (D:10)
  A quasit (D:7)
  6 hounds
  A jelly (D:5)
  7 orc priests
  3 iguanas
  5 worker ants
  8 orc wizards
  A worker ant zombie (D:8)
  A howler monkey zombie (D:4)
  4 gnolls (D:6)
  12 adders
  3 shadow imps
  2 oozes
  3 adder skeletons
  2 adder zombies
  2 worms
  4 dart slugs
  3 leopard geckos
  34 orcs
  5 giant cockroaches
  4 goblins
  6 hobgoblins
  10 jackals
  8 kobolds
  5 quokkas
  8 bats
  9 frilled lizards
  A jackal zombie (D:6)
  A quokka zombie (D:5)
  7 rats
221 creatures vanquished.

Vanquished Creatures (collateral kills)
  A warg (D:10)
  An ice beast (D:9)
  An orc warrior (D:9)
  A kobold (D:9)
4 creatures vanquished.

Grand Total: 225 creatures vanquished

Notes
Turn   | Place    | Note
-------+----------+-------------------------------------------
     0 | D:1      | galech the Demonspawn Fighter began the quest for the Orb.
     0 | D:1      | Reached XP level 1. HP: 18/18 MP: 1/1
     2 | D:1      | Noticed a ghoul
     4 | D:1      | Noticed an octopode
     6 | D:1      | Noticed a dwarf
     6 | D:1      | Noticed a naga
     8 | D:1      | Noticed a formicid
    10 | D:1      | Noticed a demonspawn
    10 | D:1      | Noticed a gargoyle
    12 | D:1      | Noticed a felid
    12 | D:1      | Noticed a halfling
    14 | D:1      | Noticed an elf
    14 | D:1      | Noticed a minotaur
    16 | D:1      | Noticed a centaur
    16 | D:1      | Noticed a vine stalker
    18 | D:1      | Noticed a vampire
    18 | D:1      | Noticed a demigod
    20 | D:1      | Noticed a draconian
    20 | D:1      | Noticed a merfolk
    22 | D:1      | Noticed an ogre
    25 | D:1      | Noticed a human
    25 | D:1      | Noticed a spriggan
    27 | D:1      | Noticed a troll
    27 | D:1      | Noticed a tengu
   178 | D:1      | Reached skill level 2 in Axes
   178 | D:1      | Gained mutation: When seriously injured, your bleeding
                  | wounds create armour. (AC +9) [demonic ancestry]
   178 | D:1      | Reached XP level 2. HP: 19/24 MP: 2/2
   598 | D:2      | Gained mutation: You have large cloven feet. [demonic
                  | ancestry]
   598 | D:2      | Reached XP level 3. HP: 18/29 MP: 3/3
   925 | D:2      | Reached XP level 4. HP: 22/35 MP: 4/4
  1791 | D:3      | Reached skill level 1 in Dodging
  1828 | D:3      | Reached skill level 3 in Axes
  1952 | D:3      | Reached XP level 5. HP: 37/41 MP: 5/5
  2528 | D:4      | Found a staircase to the Ecumenical Temple.
  2537 | Temple   | Entered the Ecumenical Temple
  2665 | Temple   | Became a worshipper of Warmaster Okawaru
  3424 | D:5      | Entered Level 5 of the Dungeon
  3440 | D:5      | Gained mutation: You have hoof-like feet. [demonic
                  | ancestry]
  3440 | D:5      | Reached XP level 6. HP: 45/47 MP: 6/6
  3507 | D:5      | Reached skill level 4 in Axes
  3768 | D:5      | Found a white marble altar of Elyvilon.
  4024 | D:5      | Found a blossoming altar of Fedhas.
  4034 | D:5      | Reached * piety under Okawaru
  4034 | D:5      | Reached XP level 7. HP: 35/53 MP: 7/7
  4440 | D:6      | Reached skill level 5 in Axes
  4894 | D:6      | Gained mutation: When seriously injured, your bleeding
                  | wounds create thick armour. (AC +9) [demonic ancestry]
  4894 | D:6      | Reached XP level 8. HP: 38/60 MP: 8/8
  4902 | D:6      | Reached ** piety under Okawaru
  4902 | D:6      | Reached skill level 6 in Axes
  5114 | D:6      | Found Oruumut's Food Shoppe.
  5117 | D:6      | Found a burning altar of Makhleb.
  5367 | D:7      | Noticed a hippogriff
  5562 | D:7      | Killed a hippogriff
  5567 | D:6      | Reached skill level 7 in Axes
  5834 | D:7      | Found a radiant altar of Vehumet.
  5835 | D:7      | Reached XP level 9. HP: 60/67 MP: 9/9
  5840 | D:7      | Reached skill level 5 in Fighting
  5978 | D:7      | Reached skill level 5 in Armour
  5978 | D:7      | Reached skill level 5 in Shields
  6029 | D:7      | Reached skill level 1 in Invocations
  6282 | D:7      | Found a shattered altar of Ashenzari.
  6502 | D:7      | Reached skill level 8 in Axes
  7083 | D:8      | Reached *** piety under Okawaru
  7301 | D:8      | Reached skill level 1 in Stealth
  7939 | D:9      | Reached skill level 9 in Axes
  7952 | D:9      | Reached **** piety under Okawaru
  8353 | D:9      | Gained mutation: A weak demonic guardian rushes to your
                  | aid. [demonic ancestry]
  8353 | D:9      | Reached XP level 10. HP: 76/76 MP: 10/10
  8728 | D:9      | Noticed a two-headed ogre
  8753 | D:9      | Killed a two-headed ogre
  9600 | D:10     | Entered Level 10 of the Dungeon
  9629 | D:10     | Found a staircase to the Lair.
  9848 | D:9      | Reached skill level 10 in Axes
 10250 | D:10     | Found Boxkasm's General Store.
 10257 | D:10     | Splashed by a big kobold's acid

Vault maps used:
D:1:      kb_arrival_jail
D:2:      roderic_serpentine_path, st_stairs_4
D:3:      first_ration, minmay_crystal_room
D:4:      minmay_temple_entry_statues_pillars
D:5:      basic_altar, fedhas_ov_isle_minmay
D:6:      basic_altar, serial_shops, shop, minmay_misc_feat_iff, grunt_decor_cap
D:7:      vehumet_altar_wand_db, ashenzari_altar_1
D:9:      minmay_twisted_water
D:10:     erik_lair_orcish_takeover, serial_shops, shop
Temple:   roderic_octagonal_lattice_temple

Skill      XL: |  1  2  3  4  5  6  7  8  9 10 |
---------------+-------------------------------+-----
Axes           | 2 3 4 5 7 9 10 | 10.1
Armour         | 3 4 5 |  5.7
Shields        | 3 4 6 |  6.5
Dodging        | 1 2 3 4 |  4.4
Fighting       | 4 6 |  6.7
Invocations    | 1 |  1.1
Stealth        | 1 2 |  2.0

Action                   |  1- 3 |  4- 6 |  7- 9 | 10-12 || total
-------------------------+-------+-------+-------+-------++-------
Melee: War axe           |    98 |   220 |   385 |   130 ||   833
       Kick              |     7 |    28 |   113 |    43 ||   191
Invok: Heroism           |       |       |     6 |     3 ||     9
  Use: Potion            |     1 |     2 |       |       ||     3
       Scroll            |       |       |       |     7 ||     7
 Stab: Distracted        |       |       |       |     7 ||     7
  Eat: Chunk             |       |    10 |    18 |     3 ||    31
       Ration            |       |       |       |     1 ||     1
Armor: Scale mail        |    56 |    24 |       |       ||    80
       Ring mail         |       |    70 |   151 |    34 ||   255
Dodge: Dodged            |    29 |    76 |   212 |    93 ||   410
Block: Shield            |    55 |   107 |   239 |    91 ||   492

Table legend:
 A = Non-vault XP
 B = Vault XP
 C = Vault XP percentage of total XP
 D = Non-vault monster count
 E = Vault monster count
 F = Vault count percentage of total count
                 A         B        C        D         E       F
            +---------+---------+-------+---------+---------+-------
      Total |    7258 |    1456 |  16.7 |     205 |      20 |   8.9
            +---------+---------+-------+---------+---------+-------
        D:1 |      32 |       0 |   0.0 |      18 |       0 |   0.0
        D:2 |      84 |      28 |  25.0 |      24 |       3 |  11.1
        D:3 |      66 |       0 |   0.0 |      21 |       0 |   0.0
        D:4 |     136 |       0 |   0.0 |      14 |       0 |   0.0
        D:5 |     451 |       0 |   0.0 |      22 |       0 |   0.0
        D:6 |    1641 |       0 |   0.0 |      34 |       0 |   0.0
        D:7 |    1244 |       1 |   0.1 |      28 |       1 |   3.4
        D:8 |    1171 |       0 |   0.0 |      16 |       0 |   0.0
        D:9 |    2196 |    1143 |  34.2 |      22 |      10 |  31.2
       D:10 |     237 |     284 |  54.5 |       6 |       6 |  50.0
            +---------+---------+-------+---------+---------+-------
